 Dungeon Crawl Stone Soup version 0.30-a0-1035-g38d5fb2972 (webtiles) character file.

Game seed: 11819326359292784276

682 DeathPants the Stinger (level 7, 0/55 HPs)
             Began as a Naga Venom Mage on Apr 8, 2023.
             Was an Initiate of Kikubaaqudgha.
             Killed from afar by a white imp (7 damage)
             ... with a puff of frost
             ... on level 5 of the Dungeon.
             The game lasted 00:15:04 (4650 turns).

DeathPants the Stinger (Naga Venom Mage)            Turns: 4650, Time: 00:15:04

Health: 0/55       AC:  7    Str: 10    XL:     7   Next: 61%
Magic:  13/13      EV: 10    Int: 23    God:    Kikubaaqudgha [......]
Gold:   277        SH:  0    Dex: 12    Spells: 8/14 levels left

rFire   . . .      SeeInvis +    b - staff of poison
rCold   . . .      Faith    .    (no shield)
rNeg    . . .      Spirit   .    k - +0 robe
rPois   +          Reflect  .    (no helmet)
rElec   .          Rampage  .    (no cloak)
rCorr   .                        (no gloves)
Will    .....                    (no barding)
Stlth   ++                       (no amulet)
HPRegen 0.29/turn                m - +4 ring of protection
MPRegen 0.13/turn                r - +6 ring of intelligence

@: invisible, very slow
A: AC +2, large, see invisible, deformed body, poison resistance, slowness 2,
spit poison 1, naga tail 1
a: Spit Poison, Renounce Religion


You were on level 5 of the Dungeon.
You worshipped Kikubaaqudgha.
Kikubaaqudgha was noncommittal.
You visited 2 branches of the dungeon, and saw 7 of its levels.

You collected 277 gold pieces.

Inventory:

Hand Weapons
 a - a +0 flail of protection
 v - a +2 whip of venom
Missiles
 c - 14 atropa-tipped darts
 f - 2 poisoned darts
 h - 2 boomerangs of dispersal
 x - 6 boomerangs
Armour
 k - a +0 robe (worn)
 o - a +0 buckler
Magical Staves
 b - a staff of poison (weapon)
Jewellery
 m - a +4 ring of protection (left hand)
 r - a +6 ring of intelligence (right hand)
 t - a +6 ring of intelligence
Scrolls
 e - 4 scrolls of enchant weapon {unknown}
 i - 2 scrolls of immolation
 l - a scroll of fog
 q - a scroll of enchant armour {unknown}
 s - a scroll of brand weapon
 w - a scroll of magic mapping {unknown}
Potions
 d - 5 potions of curing
 j - a potion of attraction
 n - a potion of lignification {unknown}
 p - 2 potions of flight
 u - a potion of magic
 z - a potion of cancellation {unknown}
 A - a potion of might {unknown}


   Skills:
 - Level 1.5 Dodging
 - Level 3.0 Stealth
 - Level 4.0 Spellcasting
 + Level 1.3 Conjurations
 - Level 1.0 Transmutations
 - Level 4.0 Air Magic
 - Level 6.0 Poison Magic
 - Level 4.0 Evocations


You had 8 spell levels left.
You knew the following spells:

 Your Spells              Type           Power      Damage    Failure   Level
a - Sting                 Tmut/Pois      100%       1d8       2%          1
b - Poisonous Vapours     Pois/Air       82%        N/A       1%          2
c - Mephitic Cloud        Conj/Pois/Air  33%        N/A       7%          3

Your spell library contained the following spells:

 Spells                   Type           Power      Damage    Failure   Level
 Static Discharge         Conj/Air       32%        2-4/arc   5%          2
 Olgreb's Toxic Radiance  Pois           48%        N/A       9%          4
 Apportation              Tloc           8%         N/A       11%         1
 Necrotise                Necr           16%        1d4       11%         1
 Summon Small Mammal      Summ           16%        N/A       11%         1
 Airstrike                Air            11%        2d(2-18)  21%         4
 Hailstorm                Conj/Ice       7%         3d4       24%         3
 Summon Lightning Spire   Summ/Air       13%        N/A       41%         4
 Ice Form                 Ice/Tmut       6%         N/A       63%         4
 Simulacrum               Ice/Necr       2%         N/A       100%        6


Dungeon Overview and Level Annotations

Branches:
Dungeon (6/15)             Temple (1/1) D:5

Altars:
Ashenzari
Cheibriados
Dithmenos
Elyvilon
Fedhas
Gozag
Hepliaklqana
Kikubaaqudgha
Makhleb
Nemelex Xobeh
Okawaru
Qazlal
Ru
Trog
Uskayaw
Wu Jian
Xom
Zin
The Shining One


Innate Abilities, Weirdness & Mutations

Your serpentine skin is tough. (AC +2)
You have supernaturally acute eyesight. (SInv)
Armour fits poorly on your strangely shaped body.
Your system is resistant to poisons. (rPois)
You cover ground very slowly.
You can spit poison.
You have a snake-like lower body.


Message History

The adder barely misses you.
You hit the adder.
The adder is heavily wounded.
The adder barely misses you. The white imp barely misses you.
You hit the adder but do no damage.
The adder is heavily wounded.
The adder barely misses you. The white imp gestures at you.
The puff of frost hits you. The adder closely misses you.
You barely miss the adder.
The adder is heavily wounded.
The adder barely misses you. The white imp hits you. The white imp freezes you.
* * * LOW HITPOINT WARNING * * *
You hit the adder.
You envenom the adder.
The adder looks even sicker.
The adder is severely wounded.
The adder barely misses you. The white imp gestures at you.
The puff of frost hits you!
* * * LOW HITPOINT WARNING * * *
The adder bites you but does no damage.
The white imp picks up a beetle and eats it.
The white imp hits you.
* * * LOW HITPOINT WARNING * * *
The white imp freezes you.
* * * LOW HITPOINT WARNING * * *
You fade into invisibility!
The adder closely misses you. The white imp closely misses you.
You hit the adder.
You kill the adder!
Kikubaaqudgha accepts your kill.
The white imp gestures at something.
You closely miss the white imp.
The white imp is lightly wounded.
The white imp barely misses you.
You hit the white imp but do no damage.
The white imp is lightly wounded.
The white imp gestures at you. The puff of frost hits you!
You die...
Kikubaaqudgha rasps: "You have failed me!
Welcome... death!"

. #. #. #####.###
........## #.....
### .# #...##
..######>##$#
#.##..#
......5@.##.#
#.#...#
########.##.#
#.#.#.# #.##.#
#..)## ##.##.#####
##)##
#.........####.#
#..#...#.......#
#..#...#..########
#.................
##.........######.#


You could see a white imp (unable to see you).

Vanquished Creatures
  Prince Ribbit (D:5)
  3 scorpions
  An orc priest (D:3)
  2 iguanas (D:5)
  Natasha (thrice) (D:4)
  4 gnolls (D:2)
  5 adders
  A white imp (D:5)
  A worm (D:3)
  A dart slug (D:2)
  6 orcs
  5 ball pythons
  3 bats
  6 endoplasms
  3 giant cockroaches
  4 hobgoblins
  4 jackals (D:4)
  4 quokkas
  3 frilled lizards
  6 goblins
  4 kobolds
  11 rats
81 creatures vanquished.

Notes
Turn   | Place    | Note
-------+----------+-------------------------------------------
     0 | D:1      | DeathPants the Naga Venom Mage began the quest for the Orb.
     0 | D:1      | Reached XP level 1. HP: 15/15 MP: 3/3
   223 | D:1      | Reached XP level 2. HP: 22/22 MP: 5/5
   232 | D:1      | Learned a level 2 spell: Poisonous Vapours
   814 | D:1      | Reached skill level 5 in Poison Magic
   855 | D:1      | Found a faded altar of an unknown god.
   876 | D:1      | Reached XP level 3. HP: 21/28 MP: 0/6
  1751 | D:2      | Reached XP level 4. HP: 36/36 MP: 6/8
  1755 | D:2      | Learned a level 3 spell: Mephitic Cloud
  2060 | D:2      | Reached skill level 6 in Poison Magic
  2060 | D:2      | Reached skill level 1 in Evocations
  2168 | D:3      | Found a shadowy altar of Dithmenos.
  2369 | D:3      | Reached skill level 1 in Air Magic
  2369 | D:3      | Reached XP level 5. HP: 38/42 MP: 7/9
  3260 | D:5      | Entered Level 5 of the Dungeon
  3422 | D:4      | Reached XP level 6. HP: 32/49 MP: 8/11
  3527 | D:4      | Noticed Natasha
  3559 | D:4      | Killed Natasha
  3627 | D:4      | Found a hazy altar of Hepliaklqana.
  3632 | D:5      | Found a staircase to the Ecumenical Temple.
  3633 | D:5      | Noticed Prince Ribbit
  3644 | D:5      | Killed Prince Ribbit
  3645 | D:5      | Reached XP level 7. HP: 31/55 MP: 3/13
  3751 | Temple   | Entered the Ecumenical Temple
  3900 | Temple   | Became a worshipper of Kikubaaqudgha
  4048 | D:4      | Noticed Natasha
  4065 | D:4      | Killed Natasha
  4317 | D:4      | Noticed Natasha
  4324 | D:4      | Killed Natasha
  4426 | D:5      | Reached skill level 1 in Conjurations
  4650 | D:5      | Killed from afar by a white imp

Illustrated notes

Levels and vault maps discovered:
D:1:      co_arrival_square_in_a_square_in_a_square, layout_basic,
          hellmonk_ecumenical_altar_blasted, nrook_mini_vaults,
          minmay_rat_gold_closets
D:2:      layout_basic, roderic_lattice_a
D:3:      layout_loops_corners, nicolae_dithmenos_shadow_blocks
D:4:      layout_basic, nicolae_hepliaklqana_hazy_memory, uniq_natasha
D:5:      layout_loops_ring, lemuel_mausoleum_altar_yredelemnul,
          minmay_temple_entry_slanted, uniq_blork_the_orc, uniq_prince_ribbit1
D:6:      layout_basic
Temple:   minmay_crystal_spiral_temple

Skill      XL: |  1  2  3  4  5  6  7 |
---------------+----------------------+-----
Poison Magic   | 5 6 |  6.0
Spellcasting   | 3 4 |  4.0
Evocations     | 1 2 4 |  4.0
Air Magic      | 1 2 3 4 |  4.0
Conjurations   | 1 |  1.3
Dodging        | |  1.5
Stealth        | |  3.0
Transmutations | |  1.0

Action                     |  1- 3 |  4- 6 |  7- 9 || total
---------------------------+-------+-------+-------++-------
  Melee: Club              |    52 |       |       ||    52
         Dagger            |     4 |       |       ||     4
         Staff             |    30 |    83 |    34 ||   147
         Punch             |       |     1 |       ||     1
   Cast: Sting             |    37 |    44 |    20 ||   101
    Use: Scroll            |       |    10 |     1 ||    11
         Potion            |       |       |     1 ||     1
   Stab: Sleeping          |     4 |       |       ||     4
 Armour: Robe              |    24 |    48 |    15 ||    87
  Dodge: Dodged            |    48 |    79 |    40 ||   167

Table legend: (Time is in decaauts)
 A = Elapsed time spent in this place.
 B = Non-inter-level travel time spent in this place.
 C = Inter-level travel time spent in this place.
 D = Time resting spent in this place.
 E = Time spent auto-exploring this place.
 F = Levels seen in this place.
 G = Mean time per level.
                   A        B        C        D        E       F      G
               +--------+--------+--------+--------+--------+-----+--------+
         Total |   5897 |   5679 |    218 |    203 |   4221 |   7 |  842.4 |
       Dungeon |   5577 |   5477 |    100 |    203 |   4046 |   6 |  929.5 |
        Temple |    319 |    202 |    117 |      0 |    175 |   1 |  319.0 |
               +--------+--------+--------+--------+--------+-----+--------+

Top non-repeatable levels by time:
     D:1: 1399 daAuts
     D:2: 1341 daAuts
     D:3: 1341 daAuts
     D:4: 1026 daAuts
     D:5: 451 daAuts
  Temple: 319 daAuts
     D:6: 17 daAuts
